 Dungeon Crawl Stone Soup version 0.28.0-53-g5a82cb258f (webtiles) character file.

Game seed: 5388874945479263043

23360 Legadrian the Fighter (level 13, -3/88 HPs)
             Began as a Kobold Fighter on July 5, 2022.
             Was an Elder of Elyvilon.
             Slain by a minotaur
             ... wielding the +4 rapier "Qaenigut" {vorpal, Dex+3 Stlth+}
              (13 damage)
             ... in a Gauntlet.
             The game lasted 00:56:53 (18735 turns).

Legadrian the Fighter (Kobold Fighter)             Turns: 18735, Time: 00:56:53

Health: -3/88      AC: 18    Str: 23    XL:     13   Next: 34%
Magic:  21/21      EV: 15    Int:  9    God:    Elyvilon [****..]
Gold:   779        SH: 11    Dex: 22    Spells: 18/20 levels left

rFire   + . .      SeeInvis +   M - +8 short sword
rCold   . . .      Faith    .   c - +0 buckler
rNeg    + . .      Spirit   .   w - +4 chain mail
rPois   +          Reflect  +   L - +1 hat "Ryomaqos" {rF+ rN+ Will+ Stlth+}
rElec   .          Harm     .   (no cloak)
rCorr   .          Rampage  .   A - +0 pair of gloves of Xiceukh {SInv}
Will    +....      NoTele   +   o - +0 pair of boots
Stlth   +.........              F - amulet of reflection
HPRegen 0.24/turn               D - +6 ring of dexterity
MPRegen 0.17/turn               O - +6 ring of strength

@: attractive, hasted, very quick
A: small, no large weapons, nightstalker 3, antennae 1, poison resistance, wild
magic 1
a: Renounce Religion, Purification, Heal Other, Heal Self


You were in a Gauntlet.
You worshipped Elyvilon.
Elyvilon was greatly pleased with you.
You visited 2 branches of the dungeon, and saw 15 of its levels.
You also visited: Gauntlet.

You collected 779 gold pieces.

Inventory:

Hand Weapons
 h - a +3 flail of protection
 H - a +1 flail of holy wrath
 M - a +8 short sword (weapon)
 P - a +3 dagger of venom
 W - a +0 hand crossbow
Missiles
 d - 19 poisoned darts (quivered)
 g - 154 arrows
 p - 198 bolts
 x - 6 javelins
 y - 349 stones
 U - 40 sling bullets
 Y - a curare-tipped dart
Armour
 b - the +2 hat "Tilaj" {Dex+4}
   (You found it in a Gauntlet)

   Dex:       It affects your dexterity (+4).
 c - a +0 buckler (worn)
 o - a +0 pair of boots (worn)
 r - the +1 ring mail of the Pits of Slime {rC+ rN+ Str+3 Dex-5}
   (You found it on level 3 of the Dungeon)

   Str:       It affects your strength (+3).
   Dex:       It affects your dexterity (-5).
   rC:        It protects you from cold.
   rN:        It protects you from negative energy.
 w - a +4 chain mail (worn)
 A - the +0 pair of gloves of Xiceukh (worn) {SInv}
   (You found it on level 4 of the Dungeon)

   SInv:      It lets you see invisible.
 G - an orb of wrath
 I - a +1 robe of fire resistance
 L - the +1 hat "Ryomaqos" (worn) {rF+ rN+ Will+ Stlth+}
   (You found it on level 7 of the Dungeon)

   rF:        It protects you from fire.
   rN:        It protects you from negative energy.
   Will:      It increases your willpower.
   Stlth:     It makes you more stealthy.
 V - a +0 robe of the Archmagi
Magical Staves
 k - a staff of conjuration
 m - a staff of poison
 S - a staff of air
Jewellery
 l - a ring of wizardry
 q - an amulet of magic regeneration
 u - a ring of positive energy
 z - a ring of fire
 B - an amulet of guardian spirit
 D - a +6 ring of dexterity (left hand)
 F - an amulet of reflection (around neck)
 O - a +6 ring of strength (right hand)
Wands
 J - a wand of acid (2)
 N - a wand of polymorph (17)
 Q - a wand of flame (3)
 X - a wand of iceblast (7)
Scrolls
 f - 4 scrolls of noise
 i - 3 scrolls of fog
 j - 6 scrolls of teleportation
 s - 2 scrolls of amnesia
 v - 3 scrolls of vulnerability
Potions
 n - a potion of brilliance
 t - 4 potions of curing
 E - a potion of cancellation


   Skills:
 + Level 13.4 Fighting
 - Level 12.1 Short Blades
 - Level 8.0 Armour
 - Level 7.9 Dodging
 - Level 2.4 Shields
 - Level 4.0 Spellcasting
 - Level 11.0 Invocations


You had 18 spell levels left.
You knew the following spells:

 Your Spells              Type           Power      Damage    Failure   Level
a - Wereblood             Tmut           2%         N/A       99%         2

Your spell library contained the following spells:

 Spells                   Type           Power      Damage    Failure   Level
 Blink                    Tloc           4%         N/A       99%         2
 Corpse Rot               Necr/Air       4%         N/A       99%         2
 Poisonous Vapours        Pois/Air       4%         N/A       99%         2
 Sublimation of Blood     Necr           2%         N/A       99%         2
 Gell's Gravitas          Tloc           2%         N/A       100%        3
 Inner Flame              Hex/Fire       2%         N/A       100%        3
 Teleport Other           Tloc           2%         N/A       100%        3
 Cause Fear               Hex            1%         N/A       100%        4
 Freezing Cloud           Conj/Ice/Air   1%         6-21      100%        5
 Manifold Assault         Tloc           2%         N/A       100%        5
 Dispersal                Tloc           1%         N/A       100%        6
 Simulacrum               Ice/Necr       1%         N/A       100%        6
 Storm Form               Tmut/Air       1%         N/A       100%        7
 Summon Hydra             Summ           1%         N/A       100%        7
 Discord                  Hex            1%         N/A       100%        8
 Polar Vortex             Ice            1%         N/A       100%        9


Dungeon Overview and Level Annotations

Branches:
Dungeon (14/15)            Temple (0/1) D:7            Lair (1/6) D:11
    Orc (0/2) D:12        Gauntlet (1/1)
 Vaults: D:13-14

Altars:
Ashenzari
Dithmenos
Elyvilon
Fedhas
Gozag
Makhleb
Qazlal
Sif Muna
Vehumet
Wu Jian
Xom

Shops:
D:4 (

Annotations:
D:5 3 runed translucent doors
Lair:1 1 runed translucent door, zielscheibe's ghost, journeyman DgEE Gauntlet 3 transporters


Innate Abilities, Weirdness & Mutations

You are small and have problems with some larger weapons.
You are completely attuned to the shadows.
You have a pair of small antennae on your head.
Your system is resistant to poisons. (rPois)
Your spells are a little harder to cast, but a little more powerful.


Message History

The minotaur is heavily wounded.
You barely miss the minotaur.
The minotaur furiously retaliates!
The minotaur headbutts you, but does no damage.
The minotaur is heavily wounded.
The minotaur hits you with the +4 rapier "Qaenigut" {vorpal, Dex+3 Stlth+}!
* * * LOW HITPOINT WARNING * * *
x2 The minotaur barely misses you.
Okay, then.
As you read the scroll of summoning, it crumbles to dust.
Wisps of shadow whirl around you...
The minotaur hits you but does no damage.
The minotaur gores you but does no damage.
You hit the minotaur but do no damage.
The minotaur is heavily wounded.
Your hornet stings the minotaur but does no damage.
You hit the minotaur.
The minotaur is severely wounded.
The minotaur hits you with the +4 rapier "Qaenigut" {vorpal, Dex+3 Stlth+}!!
Elyvilon protects you from harm!
* * * LOW HITPOINT WARNING * * *
You block the minotaur's attack.
You completely miss the minotaur.
The minotaur furiously retaliates!
The minotaur headbutts you, but does no damage.
The minotaur is severely wounded.
Your hornet stings the minotaur!
The minotaur seems to slow down.
You closely miss the minotaur.
The minotaur is severely wounded.
Your swamp worm bites the minotaur but does no damage.
The minotaur hits you with the +4 rapier "Qaenigut" {vorpal, Dex+3 Stlth+}!
Elyvilon protects you from harm!
* * * LOW HITPOINT WARNING * * *
You block the minotaur's attack.
Your hornet stings the minotaur but does no damage.
Your hornet closely misses the minotaur.
Your swamp worm bites the minotaur!
The minotaur is attracted toward you.
The minotaur throws a javelin.
The javelin completely misses you.
Your hornet barely misses the minotaur.
The minotaur is attracted toward you.
The minotaur is no longer moving slowly.
The minotaur hits you with the +4 rapier "Qaenigut" {vorpal, Dex+3 Stlth+}!
You die...

......#©#....
......#.#..≈∩
######.#####
#≈........
#8.8.8.8.8
#≈.........
#####.###.#
###.###.##
#...@......
#.###H###.#
#.###y###.##
#...........
######§####
#.....#
###.### ...
≈∩≈


You could see a minotaur (fast, ally target) and a friendly hornet (summoned).

Vanquished Creatures
  2 centaur warriors (D:13)
  4 two-headed ogres
  Nergalle (D:11)
  Pikel (D:7)
  A deep elf pyromancer (D:13)
  3 ugly things
  An elephant (D:11)
  3 cyclopes (D:11)
  Maurice (D:8)
  2 centaur zombies
  A cane toad (Lair:1)
  An unseen horror (D:11)
  5 yaktaurs (D:12)
  2 kobold demonologists (D:9)
  A tengu conjurer (D:9)
  2 trolls
  3 slime creatures (Gauntlet)
  2 wyverns (D:11)
  A spriggan (D:7)
  A spriggan (shapeshifter) (D:13)
  A vampire (D:12)
  8 yaks
  8 shadows
  2 basilisks (D:11)
  4 vampire mosquitoes (D:10)
  3 steam dragons
  Edmund (D:6)
  2 water moccasins
  A hornet zombie (D:7)
  An ice beast (D:6)
  4 orc warriors
  2 black bears
  2 ogres (D:7)
  5 centaurs
  A phantom (D:6)
  2 lemures (D:7)
  2 kobold brigands
  2 scorpions
  3 bullfrogs
  A wyvern zombie (D:7)
  11 killer bees
  8 wights (D:8)
  A howler monkey (D:10)
  An electric eel (D:7)
  3 jellies
  A bullfrog skeleton (D:7)
  A gnoll shaman (D:8)
  4 hounds
  2 orc priests
  2 iguanas
  12 orc wizards
  A killer bee zombie (D:6)
  3 hound skeletons
  A howler monkey zombie (D:11)
  4 adders
  6 gnolls
  2 shadow imps (D:7)
  2 white imps
  An adder skeleton (D:4)
  4 dart slugs
  22 orcs
  7 ball pythons
  6 endoplasms
  8 giant cockroaches
  7 goblins
  11 hobgoblins
  4 jackals (D:1)
  A quokka (D:1)
  6 bats
  A frilled lizard (D:2)
  6 kobolds
  A rat (D:1)
243 creatures vanquished.

Vanquished Creatures (others)
  An orc wizard (D:11)
  A kobold (D:11)
  13 demonic plants
  A fungus (Lair:1)
  4 plants
  7 toadstools (D:1)
27 creatures vanquished.

Grand Total: 270 creatures vanquished

Notes
Turn   | Place    | Note
-------+----------+-------------------------------------------
     0 | D:1      | Legadrian the Kobold Fighter began the quest for the Orb.
     0 | D:1      | Reached XP level 1. HP: 14/14 MP: 1/1
   380 | D:1      | Reached XP level 2. HP: 20/20 MP: 2/2
   884 | D:1      | Reached skill level 4 in Fighting
  1012 | D:1      | Reached XP level 3. HP: 20/24 MP: 3/3
  1320 | D:2      | Found an ornate altar of the Wu Jian Council.
  1713 | D:2      | Reached skill level 5 in Fighting
  1775 | D:2      | Reached XP level 4. HP: 30/31 MP: 4/4
  1985 | D:3      | Found a faded altar of an unknown god.
  2535 | D:3      | Identified the +1 ring mail of the Pits of Slime {rC+ rN+
                  | Str+3 Dex-5}
  2693 | D:3      | Found a white marble altar of Elyvilon.
  2701 | D:3      | Became a worshipper of Elyvilon the Healer
  3474 | D:4      | Found Ybeffi's Antique Weapon Shop.
  3495 | D:4      | Reached XP level 5. HP: 33/36 MP: 5/5
  3498 | D:4      | Reached skill level 6 in Fighting
  3621 | D:4      | Identified the +0 pair of gloves of Xiceukh {SInv}
  3828 | D:4      | Reached XP level 6. HP: 35/42 MP: 6/6
  3876 | D:4      | Reached * piety under Elyvilon
  4150 | D:4      | Reached skill level 7 in Fighting
  4512 | D:5      | Entered Level 5 of the Dungeon
  4513 | D:5      | Noticed a black bear
  4524 | D:4      | Killed a black bear
  4604 | D:5      | Reached XP level 7. HP: 47/48 MP: 7/7
  4704 | D:5      | Found a runed translucent gate.
  4704 | D:5      | Found a runed translucent gate.
  4706 | D:5      | Found a runed translucent gate.
  4706 | D:5      | Found an opulent altar of Gozag.
  4736 | D:5      | Reached skill level 5 in Short Blades
  4871 | D:5      | Noticed Edmund
  4873 | D:5      | Gained mutation: You have a pair of small antennae on your
                  | head. [potion of mutation]
  4873 | D:5      | Gained mutation: Your spells are a little harder to cast,
                  | but a little more powerful. [potion of mutation]
  4873 | D:5      | Gained mutation: Your system is resistant to poisons.
                  | (rPois) [potion of mutation]
  5278 | D:6      | Killed Edmund
  5279 | D:6      | Reached skill level 8 in Fighting
  5887 | D:6      | Reached ** piety under Elyvilon
  5983 | D:6      | Reached XP level 8. HP: 45/55 MP: 8/8
  6068 | D:6      | Noticed a fire elemental
  6070 | D:6      | Noticed a water elemental
  6084 | D:6      | Noticed an air elemental
  6384 | D:6      | Found a stormy altar of Qazlal.
  6760 | D:7      | Reached skill level 9 in Fighting
  7145 | D:7      | Reached XP level 9. HP: 53/62 MP: 9/9
  7352 | D:7      | Noticed Pikel
  7456 | D:7      | Reached skill level 1 in Spellcasting
  7639 | D:7      | Killed Pikel
  7640 | D:7      | Reached skill level 10 in Short Blades
  7657 | D:7      | Learned a level 2 spell: Wereblood
  7942 | D:7      | Found a staircase to the Ecumenical Temple.
  8136 | D:7      | Identified the +1 hat "Ryomaqos" {rF+ rN+ Will+ Stlth+}
  8559 | D:8      | Noticed a two-headed ogre
  8926 | D:8      | Reached *** piety under Elyvilon
  8991 | D:8      | Reached XP level 10. HP: 39/68 MP: 16/16
  9329 | D:8      | Found a broken altar of Ashenzari.
  9332 | D:8      | Noticed Maurice
  9345 | D:8      | Killed Maurice
  9557 | D:8      | Found a radiant altar of Vehumet.
  9841 | D:9      | Reached skill level 5 in Armour
 10077 | D:9      | Noticed a kobold demonologist
 10078 | D:9      | Noticed a rust devil
 10078 | D:9      | Noticed a kobold demonologist
 10110 | D:9      | Noticed a rust devil
 10191 | D:9      | Killed a kobold demonologist
 10218 | D:9      | Killed a kobold demonologist
 10876 | D:9      | Noticed a cyan ugly thing
 10888 | D:9      | Killed a cyan ugly thing
 10889 | D:9      | Reached XP level 11. HP: 42/72 MP: 17/17
 11099 | D:9      | Reached **** piety under Elyvilon
 11541 | D:9      | Found a shimmering blue altar of Sif Muna.
 11894 | D:7      | Killed a two-headed ogre
 11937 | D:10     | Entered Level 10 of the Dungeon
 11979 | D:10     | Noticed a two-headed ogre
 11999 | D:10     | Killed a two-headed ogre
 12542 | D:10     | Found a blossoming altar of Fedhas.
 12739 | D:10     | Found a burning altar of Makhleb.
 12985 | D:10     | Reached ***** piety under Elyvilon
 13259 | D:11     | Noticed Nergalle
 13281 | D:11     | Killed Nergalle
 13282 | D:11     | Reached skill level 10 in Fighting
 13600 | D:11     | Noticed an elephant
 13652 | D:11     | Reached skill level 11 in Fighting
 13663 | D:11     | Killed an elephant
 13748 | D:11     | Noticed a cyclops
 13753 | D:11     | Killed a cyclops
 13908 | D:11     | Found a staircase to the Lair.
 14028 | D:11     | Reached XP level 12. HP: 80/80 MP: 18/18
 14084 | D:11     | Reached skill level 12 in Fighting
 14331 | D:11     | Reached skill level 13 in Fighting
 15568 | D:12     | Noticed a two-headed ogre
 15583 | D:12     | Killed a two-headed ogre
 15868 | D:12     | Reached skill level 5 in Invocations
 16185 | D:12     | Noticed a two-headed ogre
 16198 | D:12     | Killed a two-headed ogre
 16999 | D:12     | Found a staircase to the Orcish Mines.
 17166 | D:13     | Found a shadowy altar of Dithmenos.
 17282 | D:13     | Noticed a boulder beetle
 17287 | D:13     | Noticed a centaur warrior
 17310 | D:13     | Killed a centaur warrior
 17478 | D:13     | Pacified a boulder beetle
 17479 | D:13     | Reached XP level 13. HP: 72/88 MP: 16/19
 17533 | D:13     | Noticed a centaur warrior
 17543 | D:13     | Killed a centaur warrior
 17546 | D:13     | Noticed a boulder beetle
 17548 | D:13     | Pacified a boulder beetle
 17549 | D:13     | Reached skill level 10 in Invocations
 17781 | Lair:1   | Entered Level 1 of the Lair of Beasts
 17933 | Lair:1   | Found a runed translucent door.
 17933 | Lair:1   | Found a shimmering altar of Xom.
 17933 | Lair:1   | Noticed zielscheibe's ghost (journeyman DgEE)
 18097 | Lair:1   | Found a gate leading to a gauntlet.
 18103 | Gauntlet | Entered a Gauntlet
 18103 | Gauntlet | Found a transporter.
 18103 | Gauntlet | Found a transporter.
 18458 | Gauntlet | Found a transporter.
 18460 | Gauntlet | Found a transporter.
 18495 | Gauntlet | Found a transporter.
 18502 | Gauntlet | Found a transporter.
 18512 | Gauntlet | Identified the +2 hat "Tilaj" {Dex+4}
 18548 | Gauntlet | Found a transporter.
 18561 | Gauntlet | Found a transporter.
 18684 | Gauntlet | Found a transporter.
 18714 | Gauntlet | Identified the +4 rapier "Qaenigut" {vorpal, Dex+3 Stlth+}
 18714 | Gauntlet | Noticed a minotaur
 18729 | Gauntlet | Elyvilon protects you from harm!
 18731 | Gauntlet | Elyvilon protects you from harm!
 18735 | Gauntlet | Slain by a minotaur

Illustrated notes

Levels and vault maps discovered:
D:1:      nagdon_arrival_double_spiral, layout_basic
D:2:      layout_basic, basic_altar, grunt_ministairs_15, kennysheep_minor_cross
D:3:      layout_loops_cross, mainiacjoe_overflow_alcove_1,
          shapermc_ecumenical_altar_gd
D:4:      layout_loops_cross, serial_shops, shop, hangedman_minor_gate_pass
D:5:      layout_loops_ring, ebering_ghost_gozag, guppyfry_early_orc_mine,
          uniq_edmund
D:6:      layout_basic, nicolae_qazlal_style_of_elements
D:7:      layout_basic, minmay_temple_entry_tees, fountainhead, the_hattery,
          uniq_pikel
D:8:      layout_cave_pools, mainiacjoe_overflow_catwalk_spiral, uniq_maurice
D:9:      layout_basic, mainiacjoe_overflow_24_doors, enter_bailey_4
D:10:     layout_roguey, lightli_temple_of_fire, fedhas_altar_1,
          kennysheep_generic_room_12
D:11:     kennysheep_ambush_hall, layout_basic, david_lair_generic,
          evilmike_butchery, uniq_nergalle
D:12:     layout_irregular_city, orc_0_dummy, portal_ice_cave_entry_pillars_2,
          minmay_misc_feat_four_crosses
D:13:     minmay_spiral_squares, layout_basic, david_vaults_5,
          nicolae_dithmenos_the_darkroom
D:14:     layout_roguey
Lair:1:   layout_long_grid, ebering_ghost_xom, serial_rivers,
          chequers_serial_rivers_room_b, chequers_serial_rivers_micro_d,
          chequers_serial_rivers_small_a, chequers_serial_rivers_small_a,
          chequers_serial_rivers_room_a, gauntlet_entry_generic,
          beast_lair_carwin_2
Gauntlet: gammafunk_gauntlet_branching [gammafunk_gauntlet_arena_arrow_garden,
          nicolae_gauntlet_arena_x, gammafunk_gauntlet_arena_teeth,
          nicolae_gauntlet_arena_flowing_pool, gammafunk_gauntlet_arena_hedges,
          gammafunk_gauntlet_arena_crates, gammafunk_gauntlet_arena_grid,
          nicolae_gauntlet_swirl, gauntlet_exit_watery]

Skill      XL: |  1  2  3  4  5  6  7  8  9 10 11 12 13 |
---------------+----------------------------------------+-----
Fighting       | 4 5 6 7 8 9 11 13 | 13.4
Short Blades   | 3 4 6 8 11 12 | 12.1
Spellcasting   | 4 |  4.0
Armour         | 7 8 |  8.0
Dodging        | 7 |  7.9
Invocations    | 9 11 | 11.0
Shields        | |  2.4

Action                   |  1- 3 |  4- 6 |  7- 9 | 10-12 | 13-15 || total
-------------------------+-------+-------+-------+-------+-------++-------
Melee: Rapier            |    82 |   106 |       |       |       ||   188
       Dagger            |       |   118 |   569 |       |       ||   687
       Short sword       |       |       |    52 |   688 |   135 ||   875
Throw: Dart              |       |       |     5 |       |       ||     5
Invok: Heal Other        |       |       |       |    13 |     3 ||    16
  Use: Scroll            |       |     5 |     3 |     1 |     5 ||    14
       Potion            |       |     1 |    11 |     4 |     3 ||    19
 Stab: Sleeping          |       |     2 |       |       |       ||     2
Armor: Scale mail        |    36 |    20 |       |       |       ||    56
       Chain mail        |       |    79 |   224 |   140 |    30 ||   473
       Ring mail         |       |     3 |       |       |       ||     3
       Skin              |       |       |       |    13 |       ||    13
Dodge: Dodged            |    44 |    81 |   106 |   215 |    38 ||   484
Block: Buckler           |    20 |    47 |   158 |   312 |    56 ||   593
       Reflection        |       |       |     6 |    16 |     2 ||    24
